 Dungeon Crawl Stone Soup version 0.28-a0-1241-gf280a0fbb2 (webtiles) character file.

Game seed: 1036088739604359222

31 Grim the Magician (level 3, -1/28 HPs)
             Began as a Djinni Necromancer on Dec 26, 2021.
             Slain by Sigmund (3 damage)
             ... on level 2 of the Dungeon.
             The game lasted 00:02:46 (2597 turns).

Grim the Magician (Djinni Necromancer)              Turns: 2597, Time: 00:02:46

Health: -1/28      AC:  3    Str:  7    XL:     3   Next: 40%
Gold:   58         EV: 12    Int: 18    God:
                   SH:  0    Dex: 13

rFire   + + .      SeeInvis .   (no weapon)
rCold   x . .      Faith    .   (no shield)
rNeg    . . .      Spirit   .   a - +0 robe
rPois   ∞          Reflect  .   d - +0 helmet
rElec   .          Harm     .   (no cloak)
rCorr   .          Rampage  .   (no gloves)
Will    .....                   (boots unavailable)
Stlth   +.........              (no amulet)
HPRegen 0.09/turn               (no ring)
MPRegen 0.00/turn               (no ring)

@: confused, flying
A: sickness immunity, fire resistance 2, cold vulnerability 1, float, innate
caster, hp casting, extra vitality 1
a: no special abilities


You were on level 2 of the Dungeon.
You visited 1 branch of the dungeon, and saw 2 of its levels.

You collected 58 gold pieces.

Inventory:

Missiles
 g - 11 poisoned darts
Armour
 a - a +0 robe (worn)
 d - a +0 helmet (worn)
Scrolls
 b - 2 scrolls of blinking {unknown}
 e - a scroll of vulnerability {unknown}
Potions
 c - a potion of resistance {unknown}
 f - a potion of degeneration {unknown}
 h - a potion of mutation {unknown}
 i - a potion of might {unknown}


   Skills:
 * Level 2.2 Fighting
 - Level 2.1 Dodging
 - Level 1.5 Stealth
 + Level 3.5 Spellcasting


You couldn't memorise any spells.
You knew the following spells:

 Your Spells              Type           Power      Damage    Failure   Level
a - Pain                  Necr           60%        1d7       3%          1
b - Animate Skeleton      Necr           30%        N/A       3%          1
c - Vampiric Draining     Necr           15%        2d7       11%         3
d - Animate Dead          Necr           7%         N/A       36%         4
e - Agony                 Necr           15%        N/A       71%         5
f - Sandblast             Erth           30%        2d9       3%          1
Your spell library was empty.

Dungeon Overview and Level Annotations

Branches:
Dungeon (2/15)

Altars:

Shops:
D:1 !

Annotations:
D:2 Sigmund


Innate Abilities, Weirdness & Mutations

You are immune to sickness and miasma.
You are immune to poison.
Your flesh is very heat resistant. (rF++)
You are vulnerable to cold. (rC-)
You float through the air rather than walking.
You learn spells naturally, not from books.
Your magical power is your life essence.
You have superior vitality. (+4 MHP)


Message History

Sigmund hits you from afar with a +3 scythe of venom.
* * * LOW HITPOINT WARNING * * *
Casting: Pain (safe; 3% risk of failure)
Confirm with . or Enter, or press ? or * to list all spells.
Aiming: Pain (safe; 3% risk of failure)
Press: ? - help, Shift-Dir - straight line, f/p - Sigmund
Aim: Sigmund, wielding a +3 scythe of venom, wearing a +0 robe and carrying a wand of flame (14) (heavily wounded, chance to affect: 79%) Sigmund writhes in agony.
* * * LOW HITPOINT WARNING * * *
Sigmund points at you and mumbles some strange words.
You are confused.
Unknown command.
You bump into the rock wall.
Sigmund casts a spell.
Sigmund flickers and vanishes!
Deactivating autopickup; reactivate with Ctrl-A.
You bump into the rock wall.
Something barely misses you.
You bump into the tree.
You hear a zap.
A puff of flame appears from out of thin air!
The puff of flame misses you.
You bump into the tree.
You hear some strange, mumbled words.
Something tries to affect you, but you resist.
You feel less confused.
You hear some strange, mumbled words.
You are confused.
You bump into the rock wall.
You hear a zap.
A puff of flame appears from out of thin air!
The puff of flame misses you.
You bump into the rock wall.
A magic dart appears from out of thin air!
The magic dart hits you!
* * * LOW HITPOINT WARNING * * *
You bump into the tree.
Something hits you.
* * * LOW HITPOINT WARNING * * *
You closely miss the frilled lizard. The frilled lizard closely misses you.
You bump into the rock wall.
Something hits you.
You die...

# # . .# #.+..#
##♣#♣#♣.♣..#
#.@........##
#l♣#♣.♣.♣...##
#{...........#
(...l....+♣.♣......+
.......#.#.........#
###..#.#.##.......#
#.##...##......## #.
....##.#....# #
#...##.##+#.#


You could see a frilled lizard.

Vanquished Creatures
  2 dart slugs (D:1)
  3 bats
  An endoplasm (D:2)
  A giant cockroach (D:1)
  3 goblins
  3 hobgoblins
  5 jackals (D:1)
  A ball python (D:1)
  2 frilled lizards (D:1)
  3 kobolds
  A rat (D:2)
25 creatures vanquished.

Notes
Turn   | Place    | Note
-------+----------+-------------------------------------------
     0 | D:1      | Grim the Djinni Necromancer began the quest for the Orb.
     0 | D:1      | Reached XP level 1. HP: 15/15 MP: 0/0
   405 | D:1      | Reached skill level 1 in Fighting
   495 | D:1      | Reached XP level 2. HP: 8/22 MP: 0/0
   744 | D:1      | Found Zoehit's Distillery.
  1548 | D:1      | Reached XP level 3. HP: 21/28 MP: 0/0
  1548 | D:1      | Learned a level 1 spell: Sandblast
  1975 | D:2      | Found a faded altar of an unknown god.
  2577 | D:2      | Noticed Sigmund
  2597 | D:2      | Slain by Sigmund

Illustrated notes

Levels and vault maps discovered:
D:1:      dpeg_arrival_pond, layout_basic, serial_shops,
          nicolae_shop_behind_doors, chequers_serial_rivers_marsh
D:2:      layout_loops_corners, nicolae_ecumenical_oubliette, serial_forest,
          infiniplex_forest_lined_3_way, infiniplex_forest_end_1,
          infiniplex_forest_lined_corner, infiniplex_forest_lined_4_way,
          infiniplex_forest_corner_2, infiniplex_forest_end_2,
          kennysheep_big_empty_room, nicolae_concentric_dashed_squares_wild,
          uniq_sigmund

Skill      XL: |  1  2 |
---------------+-------+-----
Fighting       | 1 2 |  2.2
Dodging        | |  2.1
Stealth        | |  1.5
Spellcasting   | |  3.5

Action                   || total
-------------------------++-------
Melee: Unarmed           ||     2
 Cast: Pain              ||    55
       Animate Skeleton  ||     2
Armor: Robe              ||     3
Dodge: Dodged            ||    16

Table legend: (Time is in decaauts)
 A = Elapsed time spent in this place.
 B = Non-inter-level travel time spent in this place.
 C = Inter-level travel time spent in this place.
 D = Time resting spent in this place.
 E = Time spent auto-exploring this place.
 F = Levels seen in this place.
 G = Mean time per level.
                   A        B        C        D        E       F      G
               +--------+--------+--------+--------+--------+-----+--------+
         Total |   2597 |   2529 |     68 |   1212 |   1133 |   2 | 1298.5 |
       Dungeon |   2597 |   2529 |     68 |   1212 |   1133 |   2 | 1298.5 |
               +--------+--------+--------+--------+--------+-----+--------+

Top non-repeatable levels by time:
     D:1: 2028 daAuts
     D:2: 569 daAuts
